 Dungeon Crawl Stone Soup version 0.30.0-18-gc0e69614cb (webtiles) character file.

Game seed: 2146869382247702646

25 Sabo the Covered (level 3, 0/23 HPs)
             Began as a Gargoyle Fighter on May 24, 2023.
             Slain by Sigmund
             ... wielding a +0 scythe
              (1 damage)
             ... on level 2 of the Dungeon.
             The game lasted 00:05:09 (1351 turns).

Sabo the Covered (Gargoyle Fighter)                 Turns: 1351, Time: 00:05:10

Health: 0/23       AC: 11    Str: 21    XL:     3   Next: 6%
Magic:  3/3        EV:  9    Int: 14    God:
Gold:   64         SH:  4    Dex:  9    Spells: 2/2 levels left

rFire   . . .        a - +0 war axe
rCold   . . .        c - +0 buckler
rNeg    + . .        b - +0 scale mail
rPois   ∞            (no helmet)
rElec   +            (no cloak)
rCorr   .            (no gloves)
SInv    .            i - +0 pair of boots
Will    .....        (no amulet) Stlth
                     k - +6 ring of intelligence
HPRegen 0.23/turn    (no ring)
MPRegen 0.08/turn

%: no passive effects
@: mighty, slowed, very slow
A: sickness immunity, AC +3, negative energy resistance 1, electricity
resistance, torment resistance 1, petrification resistance
a: no special abilities


You were on level 2 of the Dungeon.
You visited 1 branch of the dungeon, and saw 2 of its levels.

You collected 64 gold pieces.

Inventory:

Hand Weapons
 a - a +0 war axe (weapon)
Missiles
 l - 4 boomerangs (quivered)
Armour
 b - a +0 scale mail (worn)
 c - a +0 buckler (worn)
 i - a +0 pair of boots (worn)
Jewellery
 g - an amulet of faith
 k - a +6 ring of intelligence (left hand)
Scrolls
 h - a scroll of vulnerability {unknown}
 j - a scroll of identify {unknown}
Potions
 e - a potion of invisibility {unknown}
 f - a potion of flight {unknown}


   Skills:
 + Level 3.5 Fighting
 + Level 2.2 Axes
 + Level 3.6 Armour
 + Level 0.1 Dodging
 + Level 3.5 Shields


You had 2 spell levels left.
You didn't know any spells.
Your spell library was empty.

Dungeon Overview and Level Annotations

Branches:
Dungeon (2/15)

Altars:

Annotations:
D:2 Natasha, Sigmund


Innate Abilities, Weirdness & Mutations

You are immune to sickness and miasma.
Your stone body is resilient. (AC +3)
You are immune to poison.
You resist negative energy. (rN+)
You are resistant to electric shocks. (rElec)
You are resistant to unholy torment.
You are immune to petrification.


Message History

The goblin shouts!
You slash Natasha!
Natasha is almost dead.
You barely miss the giant cockroach. You hit the kobold.
You kill the kobold!
You block the giant cockroach's attack.
Natasha mumbles some strange words.
You completely miss Natasha.
Natasha is almost dead.
You closely miss the giant cockroach. You hit the adder but do no damage.
The giant cockroach bites you.
* * * LOW HITPOINT WARNING * * *
The adder bites you.
* * * LOW HITPOINT WARNING * * *
Natasha casts a spell at you.
You feel yourself slow down. You block the giant cockroach's attack.
The cerulean imp hits you but does no damage.
The adder barely misses you.
Sigmund mumbles some strange words.
Sigmund flickers and vanishes!
Deactivating autopickup; reactivate with Ctrl-A.
Natasha stares at you and mumbles some strange words.
You feel as though you will be slow longer.
You feel very mighty all of a sudden. The adder barely misses you.
The giant cockroach barely misses you.
The cerulean imp hits you but does no damage.
Natasha claws you.
* * * LOW HITPOINT WARNING * * *
The adder bites you but does no damage. The giant cockroach bites you.
* * * LOW HITPOINT WARNING * * *
The cerulean imp hits you but does no damage.
You barely miss Natasha.
Natasha is almost dead.
You barely miss the giant cockroach. You closely miss the adder.
The adder bites you but does no damage.
The giant cockroach bites you but does no damage.
You block Natasha's attack. You block the adder's attack.
The cerulean imp hits you but does no damage.
Something hits you.
You die...

... . # .. .. .#..
## .###...# ..##
.g.#..##....
##.#5.....##
#..ShB......
#...@.....#
#.......###
########....# ##
#...........#
...###.....†.....##
..................##
.###...<...........#
...................#
.###...............#


You could see Natasha, a cerulean imp (summoned), an adder, a giant cockroach
and a goblin.

Vanquished Creatures
  A worm (D:2)
  A dart slug (D:1)
  2 endoplasms (D:1)
  A goblin (D:1)
  4 hobgoblins (D:1)
  4 jackals (D:1)
  A kobold (D:2)
  A ball python (D:1)
  2 frilled lizards (D:1)
  A rat (D:1)
18 creatures vanquished.

Notes
Turn   | Place    | Note
-------+----------+-------------------------------------------
     0 | D:1      | Sabo the Gargoyle Fighter began the quest for the Orb.
     0 | D:1      | Reached XP level 1. HP: 14/14 MP: 1/1
   227 | D:1      | Reached XP level 2. HP: 16/19 MP: 2/2
  1308 | D:2      | Reached XP level 3. HP: 20/23 MP: 3/3
  1341 | D:2      | Noticed Natasha
  1346 | D:2      | Noticed Sigmund
  1350 | D:2      | HP: 1/23 [giant cockroach (2)]
  1351 | D:2      | Slain by Sigmund

Illustrated notes

Levels and vault maps discovered:
D:1:      dpeg_arrival_court, layout_basic, serial_corexii_hall,
          corexii_hall_statues_l, corexii_hall_statues_i,
          corexii_hall_statues_x, corexii_hall_statues_x
D:2:      cheibrodos_greedy_goblins, layout_rooms,
          dreamdust_ecumenical_altar_angels_and_demons, uniq_natasha,
          uniq_sigmund

Skill      XL: |  1  2 |
---------------+-------+-----
Axes           | 2 |  2.2
Fighting       | |  3.5
Armour         | |  3.6
Dodging        | |  0.1
Shields        | |  3.5

Action                     || total
---------------------------++-------
  Melee: War axe           ||    50
    Use: Potion            ||     1
 Armour: Scale mail        ||    30
  Dodge: Dodged            ||    27
  Block: Buckler           ||    16
